TOP OF THE 1ST |
Williamsport Crosscutters batting - Pitching for Cincinnati (NYP) Reds : RHP Phil McLaughlin
|
Pitching: RHP Phil McLaughlin
|
|
Batting: RHB Eddie Serna
|
0-0: Swinging Strike 0-1: Fly out, F7 (Flyball, 7LS, EV 88.8 MPH)
|
Batting: LHB Ryan Young
|
0-0: Called Strike 0-1: Foul Ball, location: 2F 0-2: Fly out, F9 (Flyball, 9LS, EV 83.8 MPH)
|
Batting: LHB Travis Hahn
|
0-0: Swinging Strike 0-1: Ball 1-1: Foul Ball, location: 2F 1-2: Foul Ball, location: 2F 1-2: Strikes out swinging
|
Top of the 1st over - 0 runs, 0 hits, 0 errors, 0 left on base; Williamsport 0 - Cincinnati (NYP) 0 |
BOTTOM OF THE 1ST |
Cincinnati (NYP) Reds batting - Pitching for Williamsport Crosscutters : LHP Josh Schmidt
|
Pitching: LHP Josh Schmidt
|
|
Batting: RHB Will Trudeau
|
0-0: Ground out 6-3 (Groundball, 6, EV 91.9 MPH)
|
Batting: SHB Cesar Pelayo
|
0-0: Called Strike 0-1: Ball 1-1: Foul Ball, location: 2F 1-2: Ball 2-2: Ball 3-2: Ground out U3 (Groundball, 34, EV 98.8 MPH)
|
Batting: RHB Andy Bachman
|
0-0: Ball 1-0: Ground out 4-3 (Groundball, 13, EV 84.4 MPH)
|
Bottom of the 1st over - 0 runs, 0 hits, 0 errors, 0 left on base; Williamsport 0 - Cincinnati (NYP) 0 |
TOP OF THE 2ND |
Williamsport Crosscutters batting - Pitching for Cincinnati (NYP) Reds : RHP Phil McLaughlin
|
Batting: LHB Jean-Claude Vanbiesbrouck
|
0-0: Ball 1-0: Foul Ball, location: 2F 1-1: Foul Ball, location: 2F 1-2: Ball 2-2: Ball 3-2: Strikes out swinging
|
Batting: LHB Jason Duda
|
0-0: Fly out, F7 (Flyball, 7S, EV 90.0 MPH)
|
Batting: RHB Frank Ramirez
|
0-0: Ball 1-0: Ball 2-0: Swinging Strike 2-1: Called Strike 2-2: TRIPLE (Flyball, 8LXD, EV 92.5 MPH)
|
Batting: LHB Dennis French
|
0-0: Ball 1-0: Swinging Strike 1-1: Swinging Strike 1-2: Ball 2-2: Foul Ball, location: 2F 2-2: Foul Ball, location: 2F 2-2: Foul Ball, location: 2F 2-2: Ball 3-2: Foul Ball, location: 2F 3-2: Base on Balls
|
Batting: LHB Bryant Dill
|
0-0: Foul Ball, location: 2F 0-1: Ball 1-1: Swinging Strike 1-2: Ball 2-2: Ball 3-2: Foul Ball, location: 2F 3-2: Foul Ball, location: 2F 3-2: Base on Balls Dennis French to second
|
Batting: RHB Rafael Soto
|
0-0: Ball 1-0: Foul Ball, location: 2F 1-1: Foul Ball, location: 2F 1-2: Strikes out looking
|
Top of the 2nd over - 0 runs, 1 hit, 0 errors, 3 left on base; Williamsport 0 - Cincinnati (NYP) 0 |
BOTTOM OF THE 2ND |
Cincinnati (NYP) Reds batting - Pitching for Williamsport Crosscutters : LHP Josh Schmidt
|
Batting: RHB Nick Moreno
|
0-0: Ball 1-0: Ground out 6-3 (Groundball, 6, EV 102.5 MPH)
|
Batting: LHB Josh Slusarczyk
|
0-0: Ball 1-0: Called Strike 1-1: Ball 2-1: Foul Ball, location: 2F 2-2: Strikes out swinging
|
Batting: RHB Chris Christaldi
|
0-0: Called Strike 0-1: Ball 1-1: Fly out, F8 (Flyball, 89M, EV 74.4 MPH)
|
Bottom of the 2nd over - 0 runs, 0 hits, 0 errors, 0 left on base; Williamsport 0 - Cincinnati (NYP) 0 |
TOP OF THE 3RD |
Williamsport Crosscutters batting - Pitching for Cincinnati (NYP) Reds : RHP Phil McLaughlin
|
Batting: RHB Eddie Serna
|
0-0: Ball 1-0: Ball 2-0: Called Strike 2-1: Ball 3-1: Swinging Strike 3-2: Base on Balls
|
Batting: LHB Ryan Young
|
0-0: Ball Wild Pitch! Eddie Serna to second 1-0: Ball 2-0: Foul Ball, location: 2F 2-1: Ball 3-1: Swinging Strike 3-2: Strikes out swinging
|
Batting: LHB Travis Hahn
|
0-0: Ball 1-0: Ball Eddie Serna steals 3rd base 2-0: Swinging Strike 2-1: Ball 3-1: Base on Balls
|
Batting: LHB Jean-Claude Vanbiesbrouck
|
0-0: Ball Travis Hahn steals 2nd base 1-0: Fly out, F8 (Flyball, 8RD, EV 106.9 MPH)
|
Batting: LHB Jason Duda
|
0-0: Ball 1-0: Ball 2-0: Ball 3-0: Base on Balls
|
Batting: RHB Frank Ramirez
|
0-0: Fielders Choice at 2nd, 6-4 (Groundball, 6, EV 106.2 MPH)
|
Top of the 3rd over - 0 runs, 0 hits, 0 errors, 3 left on base; Williamsport 0 - Cincinnati (NYP) 0 |
BOTTOM OF THE 3RD |
Cincinnati (NYP) Reds batting - Pitching for Williamsport Crosscutters : LHP Josh Schmidt
|
Batting: RHB Yutaka Sato
|
0-0: Ball 1-0: Foul Ball, location: 2F 1-1: Swinging Strike 1-2: Strikes out looking
|
Batting: RHB Alex de Leon
|
0-0: Ball 1-0: Ball 2-0: Ball 3-0: Called Strike 3-1: Swinging Strike 3-2: Strikes out looking
|
Batting: RHB Emanuel Estrada
|
0-0: Swinging Strike 0-1: Ball 1-1: Swinging Strike 1-2: Ball 2-2: Foul Ball, location: 2F 2-2: Strikes out looking
|
Bottom of the 3rd over - 0 runs, 0 hits, 0 errors, 0 left on base; Williamsport 0 - Cincinnati (NYP) 0 |
TOP OF THE 4TH |
Williamsport Crosscutters batting - Pitching for Cincinnati (NYP) Reds : RHP Phil McLaughlin
|
Batting: LHB Dennis French
|
0-0: Called Strike 0-1: Ball 1-1: Fly out, F9 (Line Drive, 89M, EV 100.6 MPH)
|
Batting: LHB Bryant Dill
|
0-0: Ball 1-0: Ball 2-0: Foul Ball, location: 2F 2-1: Foul Ball, location: 2F 2-2: Ground out 4-3 (Groundball, 4, EV 106.2 MPH)
|
Batting: RHB Rafael Soto
|
0-0: Called Strike 0-1: Ball 1-1: Fly out, F8 (Flyball, 8LM, EV 95.0 MPH)
|
Top of the 4th over - 0 runs, 0 hits, 0 errors, 0 left on base; Williamsport 0 - Cincinnati (NYP) 0 |
BOTTOM OF THE 4TH |
Cincinnati (NYP) Reds batting - Pitching for Williamsport Crosscutters : LHP Josh Schmidt
|
Batting: RHB Will Trudeau
|
0-0: Foul Ball, location: 2F 0-1: Ground out 4-3 (Groundball, 4, EV 103.1 MPH)
|
Batting: SHB Cesar Pelayo
|
0-0: Swinging Strike 0-1: Foul Ball, location: 2F 0-2: Ball 1-2: Ball 2-2: Ground out 4-3 (Groundball, 4, EV 79.4 MPH)
|
Batting: RHB Andy Bachman
|
0-0: Ball 1-0: Called Strike 1-1: Ball 2-1: Ball 3-1: Called Strike 3-2: Base on Balls
|
Batting: RHB Nick Moreno
|
0-0: Called Strike 0-1: Ball 1-1: Ball 2-1: Ball 3-1: Base on Balls Andy Bachman to second
|
Batting: LHB Josh Slusarczyk
|
0-0: Called Strike 0-1: Ball 1-1: Ball 2-1: Foul Ball, location: 2F 2-2: Ground out 4-3 (Groundball, 4, EV 98.1 MPH)
|
Bottom of the 4th over - 0 runs, 0 hits, 0 errors, 2 left on base; Williamsport 0 - Cincinnati (NYP) 0 |
TOP OF THE 5TH |
Williamsport Crosscutters batting - Pitching for Cincinnati (NYP) Reds : RHP Phil McLaughlin
|
Pitching: LHP Andres Lobato
|
|
Batting: RHB Eddie Serna
|
0-0: Ball 1-0: Ground out 3-1 (Groundball, 34, EV 105.0 MPH)
|
Batting: LHB Ryan Young
|
0-0: Ball 1-0: Called Strike 1-1: Ball 2-1: Ball 3-1: Foul Ball, location: 2F 3-2: Base on Balls
|
Batting: LHB Travis Hahn
|
0-0: Called Strike 0-1: Ball 1-1: Ball 2-1: Called Strike 2-2: Foul Ball, location: 2F 2-2: Ball 3-2: Strikes out swinging
|
Batting: LHB Jean-Claude Vanbiesbrouck
|
0-0: Called Strike 0-1: Ball Ryan Young steals 2nd base 1-1: Ball 2-1: Foul Ball, location: 2F 2-2: Ball 3-2: Foul Ball, location: 2F 3-2: Foul Ball, location: 2F 3-2: Base on Balls
|
Batting: LHB Jason Duda
|
0-0: Foul Ball, location: 2F 0-1: Ball 1-1: Foul Ball, location: 2F 1-2: Strikes out swinging
|
Top of the 5th over - 0 runs, 0 hits, 0 errors, 2 left on base; Williamsport 0 - Cincinnati (NYP) 0 |
BOTTOM OF THE 5TH |
Cincinnati (NYP) Reds batting - Pitching for Williamsport Crosscutters : LHP Josh Schmidt
|
Batting: RHB Chris Christaldi
|
0-0: Called Strike 0-1: Ball 1-1: Ball 2-1: Ball 3-1: Base on Balls
|
Batting: RHB Yutaka Sato
|
0-0: Ball 1-0: Called Strike 1-1: Called Strike 1-2: Fly out, F8 (Flyball, 8LXD, EV 98.1 MPH)
|
Batting: RHB Alex de Leon
|
0-0: Ball 1-0: Foul Ball, location: 2F 1-1: Foul Ball, location: 2F 1-2: Ball 2-2: SINGLE (Groundball, 56D, EV 103.1 MPH) Chris Christaldi to second
|
Batting: RHB Emanuel Estrada
|
0-0: Ball 1-0: Ball 2-0: Foul Ball, location: 2F 2-1: Called Strike 2-2: Foul Ball, location: 2F 2-2: Fielders Choice at 2nd, 4-6 (Groundball, 34, EV 99.4 MPH) Chris Christaldi to third
|
Batting: RHB Will Trudeau
|
0-0: Ball 1-0: Called Strike 1-1: Foul Ball, location: 2F 1-2: Strikes out swinging
|
Bottom of the 5th over - 0 runs, 1 hit, 0 errors, 2 left on base; Williamsport 0 - Cincinnati (NYP) 0 |
TOP OF THE 6TH |
Williamsport Crosscutters batting - Pitching for Cincinnati (NYP) Reds : LHP Andres Lobato
|
Batting: RHB Frank Ramirez
|
0-0: Called Strike 0-1: Foul Ball, location: 2F 0-2: SINGLE (Groundball, 56, EV 101.9 MPH) (infield hit)
|
Batting: LHB Dennis French
|
0-0: Foul Ball, location: 2F 0-1: Fly out, F7 (Flyball, 7S, EV 89.4 MPH)
|
Batting: LHB Bryant Dill
|
0-0: Ball Frank Ramirez is caught stealing 2nd base 2-6 1-0: Ball 2-0: Fly out, F9 (Flyball, 9, EV 90.0 MPH)
|
Top of the 6th over - 0 runs, 1 hit, 0 errors, 0 left on base; Williamsport 0 - Cincinnati (NYP) 0 |
BOTTOM OF THE 6TH |
Cincinnati (NYP) Reds batting - Pitching for Williamsport Crosscutters : LHP Josh Schmidt
|
Pitching: RHP George Crousse
|
|
Batting: SHB Cesar Pelayo
|
0-0: Ball 1-0: Ground out 4-3 (Groundball, 4, EV 77.5 MPH)
|
Batting: RHB Andy Bachman
|
0-0: Swinging Strike 0-1: Ball 1-1: Ball 2-1: DOUBLE (Flyball, 78D, EV 96.2 MPH)
|
Batting: RHB Nick Moreno
|
0-0: Ball 1-0: Ball 2-0: Foul Ball, location: 2F 2-1: Ground out U3 (Groundball, 34, EV 86.2 MPH) Andy Bachman to third
|
Batting: LHB Josh Slusarczyk
|
0-0: Called Strike 0-1: Foul Ball, location: 2F 0-2: Ball 1-2: Ball 2-2: Foul Ball, location: 2F 2-2: Ground out U3 (Groundball, 3L, EV 90.0 MPH)
|
Bottom of the 6th over - 0 runs, 1 hit, 0 errors, 1 left on base; Williamsport 0 - Cincinnati (NYP) 0 |
TOP OF THE 7TH |
Williamsport Crosscutters batting - Pitching for Cincinnati (NYP) Reds : LHP Andres Lobato
|
Pitching: RHP Gilbert Paparelli
|
|
Batting: RHB Rafael Soto
|
0-0: Ball 1-0: Called Strike 1-1: Swinging Strike 1-2: Strikes out looking
|
Batting: RHB Eddie Serna
|
0-0: Fly out, F3 (Popup, 3SF, EV 69.4 MPH)
|
Batting: LHB Ryan Young
|
0-0: Ball 1-0: Called Strike 1-1: Ball 2-1: Foul Ball, location: 2F 2-2: Strikes out swinging
|
Top of the 7th over - 0 runs, 0 hits, 0 errors, 0 left on base; Williamsport 0 - Cincinnati (NYP) 0 |
BOTTOM OF THE 7TH |
Cincinnati (NYP) Reds batting - Pitching for Williamsport Crosscutters : RHP George Crousse
|
Batting: RHB Chris Christaldi
|
0-0: Foul Ball, location: 2F 0-1: Ball 1-1: Foul Ball, location: 2F 1-2: Ball 2-2: Fly out, F8 (Line Drive, 8RM, EV 90.6 MPH)
|
Batting: RHB Yutaka Sato
|
0-0: Ball 1-0: Ball 2-0: Foul Ball, location: 2F 2-1: Fly out, F9 (Line Drive, 89D, EV 94.4 MPH)
|
Batting: RHB Alex de Leon
|
0-0: Ball 1-0: Ball 2-0: Ground out 5-3 (Groundball, 56, EV 76.9 MPH)
|
Bottom of the 7th over - 0 runs, 0 hits, 0 errors, 0 left on base; Williamsport 0 - Cincinnati (NYP) 0 |
TOP OF THE 8TH |
Williamsport Crosscutters batting - Pitching for Cincinnati (NYP) Reds : RHP Gilbert Paparelli
|
Batting: LHB Travis Hahn
|
0-0: Foul Ball, location: 2F 0-1: Ground out 3-1 (Groundball, 34, EV 82.5 MPH)
|
Batting: LHB Jean-Claude Vanbiesbrouck
|
0-0: Hit by Pitch
|
Batting: LHB Jason Duda
|
Pickoff Throw to First - Out! 1-3 0-0: Swinging Strike 0-1: Called Strike 0-2: Strikes out swinging
|
Top of the 8th over - 0 runs, 0 hits, 0 errors, 0 left on base; Williamsport 0 - Cincinnati (NYP) 0 |
BOTTOM OF THE 8TH |
Cincinnati (NYP) Reds batting - Pitching for Williamsport Crosscutters : RHP George Crousse
|
Pinch Hitting: LHB Cesar Arteaga
|
0-0: Called Strike 0-1: Called Strike 0-2: DOUBLE (Line Drive, 7LM, EV 109.4 MPH)
|
Pinch Hitting: LHB Martin Koka
|
0-0: Called Strike 0-1: Ball 1-1: Ball 2-1: Foul Ball, location: 2F 2-2: Hit by Pitch
|
Pitching: RHP Dave Gomez
|
|
Batting: SHB Cesar Pelayo
|
0-0: Ball Wild Pitch! Cesar Arteaga to third Martin Koka to second 1-0: Ball 2-0: Foul Ball, location: 2F 2-1: Called Strike 2-2: Strikes out swinging
|
Batting: RHB Andy Bachman
|
0-0: Called Strike 0-1: Ball 1-1: Ground out 4-3 (Groundball, 4, EV 100.0 MPH)
|
Batting: RHB Nick Moreno
|
0-0: Foul Ball, location: 2F 0-1: Ball 1-1: Ground out U3 (Groundball, 34, EV 83.1 MPH)
|
Bottom of the 8th over - 0 runs, 1 hit, 0 errors, 2 left on base; Williamsport 0 - Cincinnati (NYP) 0 |
TOP OF THE 9TH |
Williamsport Crosscutters batting - Pitching for Cincinnati (NYP) Reds : RHP Gilbert Paparelli
|
Now in LF: Martin Koka
|
|
Now in CF: Jose Cruz
|
|
Batting: RHB Frank Ramirez
|
0-0: Ball 1-0: Ball 2-0: Ball 3-0: Base on Balls
|
Batting: LHB Dennis French
|
0-0: Foul Ball, location: 2F 0-1: 2-RUN HOME RUN (Flyball, 89XD, EV 113.8 MPH), Distance : 450 ft
|
Batting: LHB Bryant Dill
|
0-0: Swinging Strike 0-1: Called Strike 0-2: Strikes out swinging
|
Batting: RHB Rafael Soto
|
0-0: Called Strike 0-1: Swinging Strike 0-2: Strikes out looking
|
Batting: RHB Eddie Serna
|
0-0: Foul Ball, location: 2F 0-1: Ball 1-1: Foul Ball, location: 2F 1-2: Ball 2-2: Ball 3-2: Strikes out swinging
|
Top of the 9th over - 2 runs, 1 hit, 0 errors, 0 left on base; Williamsport 2 - Cincinnati (NYP) 0 |
BOTTOM OF THE 9TH |
Cincinnati (NYP) Reds batting - Pitching for Williamsport Crosscutters : RHP Dave Gomez
|
Pitching: LHP Ray Paul
|
|
Now at 1B: Joel Gomez
|
|
Now at SS: Allen Deschamps
|
|
Batting: LHB Josh Slusarczyk
|
0-0: Called Strike 0-1: Called Strike 0-2: Ball 1-2: Strikes out swinging
|
Batting: RHB Chris Christaldi
|
0-0: Called Strike 0-1: Called Strike 0-2: Foul Ball, location: 2F 0-2: Strikes out looking
|
Batting: RHB Yutaka Sato
|
0-0: Ground out 4-3 (Groundball, 4, EV 87.5 MPH)
|
Bottom of the 9th over - 0 runs, 0 hits, 0 errors, 0 left on base; Williamsport 2 - Cincinnati (NYP) 0 |
|